 Dungeon Crawl Stone Soup version 0.28-a0-697-g47f3eba078 (webtiles) character file.

Game seed: 16702812863578919254

109 siradein the Cudgeller (level 4, -12/35 HPs)
             Began as a Demonspawn Gladiator on Oct 23, 2021.
             Mangled by an ice beast (14 damage)
             ... on level 6 of the Dungeon.
             The game lasted 00:04:41 (3314 turns).

siradein the Cudgeller (Demonspawn Gladiator)       Turns: 3314, Time: 00:04:41

Health: -12/35     AC:  9    Str: 15    XL:     4   Next: 60%
Magic:  0/4        EV: 11    Int:  9    God:
Gold:   73         SH:  4    Dex: 15    Spells: 3/3 levels left

rFire   . . .      SeeInvis .   a - +0 flail
rCold   . . .      Faith    .   (no shield)
rNeg    . . .      Spirit   +   k - +0 ring mail
rPois   .          Reflect  .   q - +2 helmet
rElec   .          Harm     .   (no cloak)
rCorr   .          Rampage  .   b - +0 pair of gloves
Will    .....                   (no boots)
Stlth   +.........              m - amulet of guardian spirit
HPRegen 0.11/turn               (no ring)
MPRegen 0.09/turn               (no ring)

@: no status effects
A: large bone plates 1, powered by death 1
a: no special abilities


You were on level 6 of the Dungeon.
You visited 1 branch of the dungeon, and saw 4 of its levels.

You collected 73 gold pieces.

Inventory:

Hand Weapons
 a - a +0 flail (weapon)
Missiles
 d - 3 throwing nets
 i - 17 poisoned darts (quivered)
Armour
 b - a +0 pair of gloves (worn)
 c - a +0 helmet
 k - a +0 ring mail (worn)
 q - a +2 helmet (worn)
Jewellery
 m - an amulet of guardian spirit (around neck)
Scrolls
 f - 2 scrolls of immolation {unknown}
 h - 3 scrolls of identify {unknown}
 l - 2 scrolls of noise {unknown}
 o - 2 scrolls of teleportation {unknown}
 p - a scroll of blinking {unknown}
Potions
 e - a potion of attraction {unknown}
 g - a potion of flight {unknown}
 j - a potion of haste {unknown}
 n - 2 potions of curing


   Skills:
 + Level 3.0 Fighting
 + Level 3.4 Maces & Flails
 + Level 2.6 Throwing
 + Level 3.3 Dodging


You had 3 spell levels left.
You didn't know any spells.
Your spell library contained the following spells:

 Spells                   Type           Power      Damage    Failure   Level
 Animate Skeleton         Necr           0%         N/A       63%         1
 Apportation              Tloc           0%         N/A       63%         1
 Summon Small Mammal      Summ           0%         N/A       63%         1


Dungeon Overview and Level Annotations

Branches:
Dungeon (3/15)

Altars:

Annotations:
D:6 2 runed translucent doors, Prince Ribbit


Innate Abilities, Weirdness & Mutations

You are partially covered in large bone plates. (SH +4)
You regenerate a little health from kills.


Message History

The hound barely misses you. The hound completely misses you.
The hound stops to sniff the ground.
The hound bites you but does no damage. The hound closely misses you.
You open the door. The hound barely misses you.
The hound bites you but does no damage. The hound barely misses you.
Found a potion of curing.
Prince Ribbit blinks!
There is an open door here.
The hound barely misses you.
A sky beast appears from thin air!
Reactivating autopickup.
You see here a potion of curing.
The hound barely misses you.
You open the door. The hound barely misses you.
The hound bites you but does no damage. The hound closely misses you.
You block the sky beast's attack.
There is an open door here.
The hound bites you but does no damage. You block Prince Ribbit's attack.
The sky beast barely misses you. The hound misses you. Prince Ribbit hits you.
The hound closely misses you.
The centaur zombie hits you but does no damage.
The centaur zombie kicks you but does no damage.
Prince Ribbit misses you.
An ice beast comes into view.
Prince Ribbit hits you!
* * * LOW HITPOINT WARNING * * *
The ice beast misses you.
You hit the ice beast.
The ice beast is lightly wounded.
Prince Ribbit hits you. The ice beast closely misses you.
Prince Ribbit hits you.
* * * LOW HITPOINT WARNING * * *
Unknown command.
You closely miss the ice beast.
The ice beast is lightly wounded.
You block Prince Ribbit's attack. The ice beast hits you.
* * * LOW HITPOINT WARNING * * *
The ice beast freezes you!
You die...

##### #..!# ## ###'#.# ..
#.....# #######.##...Z.#
.............hY#
....###+##'#+#.#
.......ยง.....#h######...
.............#hF@Y...#
.............#######.#
.........#+#.# .........#
.# .........# .#
.........# .# ..####+###
#.# # #.####.#


You could see Prince Ribbit, an ice beast and 2 hounds.

Vanquished Creatures
  3 adders
  An ufetubus (D:6)
  A worm (D:2)
  5 orcs (D:3)
  9 endoplasms
  4 giant cockroaches
  6 goblins
  3 hobgoblins
  2 jackals (D:2)
  7 quokkas
  11 ball pythons
  3 bats
  2 frilled lizards
  5 kobolds
  3 rats
65 creatures vanquished.

Notes
Turn   | Place    | Note
-------+----------+-------------------------------------------
     0 | D:1      | siradein the Demonspawn Gladiator began the quest for the
                  | Orb.
     0 | D:1      | Reached XP level 1. HP: 16/16 MP: 1/1
   130 | D:1      | Gained mutation: You regenerate a little health from kills.
                  | [demonic ancestry]
   130 | D:1      | Reached XP level 2. HP: 18/22 MP: 2/2
  1118 | D:2      | Gained mutation: You are partially covered in large bone
                  | plates. (SH +4) [demonic ancestry]
  1118 | D:2      | Reached XP level 3. HP: 26/28 MP: 3/3
  1212 | D:2      | HP: 1/28 [poisoned by an adder]
  1858 | D:2      | Reached XP level 4. HP: 30/34 MP: 4/4
  2554 | D:3      | Found a faded altar of an unknown god.
  2994 | D:3      | You fall into a shaft and drop 3 floors!
  3038 | D:6      | Noticed a sky beast
  3132 | D:6      | Found a large runed translucent door.
  3133 | D:6      | Found a large runed translucent door.
  3262 | D:6      | Noticed Prince Ribbit
  3310 | D:6      | Noticed an ice beast
  3314 | D:6      | Mangled by an ice beast

Illustrated notes

Levels and vault maps discovered:
D:1:      erik_arrival_blinker_ship, layout_basic
D:2:      minmay_razor_zed, layout_loops_ring, minmay_distorted
D:3:      layout_loops_corners, chequers_ecumenical_altar_twisty
D:6:      layout_basic, jmf_multi_god_temple2, temple_hall_moat, serial_shops,
          kennysheep_mini, uniq_maggie, uniq_prince_ribbit1

Skill      XL: |  1  2  3  4 |
---------------+-------------+-----
Throwing       | 2 |  2.6
Maces & Flails | 3 |  3.4
Dodging        | 3 |  3.3
Fighting       | 3 |  3.0

Action                   |  1- 3 |  4- 6 || total
-------------------------+-------+-------++-------
Melee: Flail             |   137 |    73 ||   210
  Use: Potion            |     1 |       ||     1
 Stab: Sleeping          |     1 |       ||     1
Armor: Leather armour    |    23 |       ||    23
       Ring mail         |    45 |    54 ||    99
Dodge: Dodged            |   101 |    79 ||   180
Block: Other             |    13 |    27 ||    40

Table legend: (Time is in decaauts)
 A = Elapsed time spent in this place.
 B = Non-inter-level travel time spent in this place.
 C = Inter-level travel time spent in this place.
 D = Time resting spent in this place.
 E = Time spent auto-exploring this place.
 F = Levels seen in this place.
 G = Mean time per level.
                   A        B        C        D        E       F      G
               +--------+--------+--------+--------+--------+-----+--------+
         Total |   3365 |   3277 |     88 |      2 |   2442 |   4 |  841.2 |
       Dungeon |   3365 |   3277 |     88 |      2 |   2442 |   4 |  841.2 |
               +--------+--------+--------+--------+--------+-----+--------+

Top non-repeatable levels by time:
     D:2: 1290 daAuts
     D:1: 1033 daAuts
     D:3: 719 daAuts
     D:6: 322 daAuts
